 Dungeon Crawl Stone Soup version 0.27-a0-124-g19cb506db8 (webtiles) character file.

Game seed: 2953874636154370910

314 lunkers the Skirmisher (level 6, -4/57 HPs)
             Began as a Hill Orc Hunter on Jan 25, 2021.
             Killed by divine providence
             ... invoked by an orc priest
              (15 damage)
             ... on level 4 of the Dungeon.
             The game lasted 00:05:33 (4397 turns).

lunkers the Skirmisher (Hill Orc Hunter)            Turns: 4397, Time: 00:05:34

Health: -4/57      AC:  6    Str: 17    XL:     6   Next: 43%
Magic:  6/6        EV: 10    Int: 11    God:
Gold:   183        SH:  0    Dex: 13    Spells: 5/5 levels left

rFire    + . .     SeeInvis .   a - +0 short sword
rCold    + . .     Faith    .   (no shield)
rNeg     . . .     Spirit   .   s - +0 scale mail
rPois    +         Reflect  .   (no helmet)
rElec    .         Harm     .   (no cloak)
rCorr    .         Rampage  .   (no gloves)
Will     .....                  (no boots)
Stlth    ..........             (no amulet)
HPRegen  0.19/turn              t - ring of protection from cold
MPRegen  0.10/turn              v - ring of Ideatos {rPois rF+ Dex+2}

@: no status effects
A: no striking features
a: Convert to Beogh


You were on level 4 of the Dungeon.
You visited 1 branch of the dungeon, and saw 4 of its levels.

You collected 183 gold pieces.

Inventory:

Hand Weapons
 a - a +0 short sword (weapon)
Missiles
 g - 166 stones (quivered)
 o - 4 silver boomerangs
Armour
 b - a +0 leather armour
 f - a +0 ring mail
 s - a +0 scale mail (worn)
Jewellery
 t - a ring of protection from cold (left hand)
 v - the ring of Ideatos (right hand) {rPois rF+ Dex+2}
   (You found it on level 4 of the Dungeon)

   [ring of poison resistance]

   It affects your dexterity (+2).
   It protects you from fire.
   It protects you from poison.
Scrolls
 e - a scroll of fear {unknown}
 h - 2 scrolls of noise {unknown}
 i - 2 scrolls of remove curse
 j - 7 scrolls of identify {unknown}
 l - a scroll of magic mapping {unknown}
 m - 4 scrolls of teleportation {unknown}
 n - 4 scrolls of fog {unknown}
 w - a scroll of enchant weapon {unknown}
Potions
 p - a potion of lignification {unknown}
 q - a potion of heal wounds {unknown}
 r - a potion of invisibility {unknown}
 u - a potion of brilliance {unknown}


   Skills:
 + Level 5.8 Fighting
 + Level 5.4 Throwing
 - Level 1.5 Dodging
 - Level 0.7 Stealth


You had 5 spell levels left.
You didn't know any spells.
Your spell library was empty.

Dungeon Overview and Level Annotations

Branches:
Dungeon (4/15)
 Temple: D:4-7

Altars:
Dithmenos
Fedhas
Ru

Annotations:
D:4 1 transporter


Message History

Fire/throw which item? (* to show all) (? for menu, Esc to quit)
You don't have any such object.
Fire/throw which item? (* to show all) (? for menu, Esc to quit)
Throw: 4 boomerangs (silver)
Press: ? - help, Shift-Dir - straight line, f/p - orc priest
Aim: an orc priest, wearing a +0 scale mail (moderately wounded, 65% to hit)
You throw a silver boomerang.
The silver boomerang hits the orc priest!
The orc priest is almost dead.
Fire/throw which item? (* to show all) (? for menu, Esc to quit)
You don't have any such object.
Fire/throw which item? (* to show all) (? for menu, Esc to quit)
Throw: 4 boomerangs (silver)
Press: ? - help, Shift-Dir - straight line, f/p - orc priest
Aim: an orc priest, wearing a +0 scale mail (almost dead, 65% to hit)
You throw a silver boomerang.
The silver boomerang barely misses the orc priest.
The orc priest mumbles some strange prayers to Beogh against you.
Beogh smites you!
You die...

# #....'..≈≈≈≈≈.# #.
###....#..≈≈≈≈≈.#
##(##.##'###...≈≈≈≈.#
...............≈≈≈≈≈#
#..............(≈≈≈≈≈#
#.....(.........#≈≈≈≈#
#......(....[...#≈≈≈≈# #+##
#..##.....##...#≈≈≈≈#
#...##..##...@(##..>#≈≈≈≈#####
#..............##...≈≈≈≈≈.....
#............o......≈≈≈≈≈.....
#...................≈≈≈≈......
######.###...(##...≈≈≈≈......
##.###....####≈≈≈≈≈.#+##.
#.<.......>...≈≈≈≈≈.+..#.
#.............≈≈≈≈..#..'.
##..###...##.≈≈≈≈≈..#..#.


You could see an orc priest.

Vanquished Creatures
  An ogre (D:4)
  An orc priest (D:4)
  An orc wizard (D:3)
  An iguana (D:4)
  A worker ant (D:4)
  A howler monkey skeleton (D:4)
  2 adders (D:2)
  An ooze (D:2)
  A worm (D:2)
  2 dart slugs
  3 leopard geckos
  8 orcs
  7 bats
  8 giant cockroaches
  5 hobgoblins
  2 jackals (D:3)
  4 kobolds
  A quokka (D:3)
  2 ball pythons
  7 frilled lizards
  9 goblins
  10 rats
78 creatures vanquished.

Notes
Turn   | Place    | Note
-------+----------+-------------------------------------------
     0 | D:1      | lunkers the Hill Orc Hunter began the quest for the Orb.
     0 | D:1      | Reached XP level 1. HP: 18/18 MP: 1/1
   252 | D:1      | Reached XP level 2. HP: 24/25 MP: 2/2
   980 | D:2      | Reached XP level 3. HP: 29/31 MP: 3/3
  1705 | D:2      | Reached XP level 4. HP: 36/40 MP: 4/4
  3080 | D:3      | Found a shadowy altar of Dithmenos.
  3280 | D:3      | Found a sacrificial altar of Ru.
  3532 | D:4      | Noticed a bullfrog
  3539 | D:4      | Noticed a two-headed ogre
  3540 | D:4      | Reached XP level 5. HP: 45/47 MP: 5/5
  3553 | D:4      | Noticed an ogre
  3571 | D:4      | Killed an ogre
  3572 | D:4      | Reached skill level 5 in Fighting
  3572 | D:4      | Reached skill level 5 in Throwing
  3713 | D:4      | Found a blossoming altar of Fedhas.
  3714 | D:4      | Found a transporter.
  3730 | D:4      | Got a pitted iron ring
  3731 | D:4      | Identified the ring of Ideatos {rPois rF+ Dex+2} (You found
                  | it on level 4 of the Dungeon)
  3788 | D:4      | HP: 1/48 [iguana (10)]
  3793 | D:4      | Reached XP level 6. HP: 2/56 MP: 6/6
  4397 | D:4      | Killed from afar by an orc priest

Illustrated notes

Levels and vault maps discovered:
D:1:      lemuel_arrival_rhombus, layout_loops_ring,
          chequers_serial_rivers_small_3
D:2:      layout_loops_cross
D:3:      layout_basic, overflow_temple_1_default, nicolae_ru_path_of_blood
D:4:      wander_river, layout_gridville, gammafunk_temple_overflow_arena

Skill      XL: |  1  2  3  4  5 |
---------------+----------------+-----
Fighting       | 3 4 5 |  5.8
Throwing       | 4 5 |  5.4
Dodging        | |  1.5
Stealth        | |  0.7

Action                   |  1- 3 |  4- 6 || total
-------------------------+-------+-------++-------
Melee: Short sword       |   154 |   215 ||   369
Throw: Javelin           |     3 |     6 ||     9
       Stone             |    46 |    21 ||    67
       Dart              |       |    18 ||    18
       Throwing net      |       |     2 ||     2
       Boomerang         |       |     2 ||     2
  Use: Scroll            |     1 |       ||     1
 Stab: Held in net/web   |       |     1 ||     1
Armor: Leather armour    |    10 |       ||    10
       Ring mail         |    80 |    17 ||    97
       Scale mail        |       |    69 ||    69
Dodge: Dodged            |   108 |   139 ||   247

Table legend: (Time is in decaauts)
 A = Elapsed time spent in this place.
 B = Non-inter-level travel time spent in this place.
 C = Inter-level travel time spent in this place.
 D = Time resting spent in this place.
 E = Time spent auto-exploring this place.
 F = Levels seen in this place.
 G = Mean time per level.
                   A        B        C        D        E       F      G
               +--------+--------+--------+--------+--------+-----+--------+
         Total |   4430 |   4336 |     94 |    567 |   2904 |   4 | 1107.5 |
       Dungeon |   4430 |   4336 |     94 |    567 |   2904 |   4 | 1107.5 |
               +--------+--------+--------+--------+--------+-----+--------+

Top non-repeatable levels by time:
     D:2: 1521 daAuts
     D:3: 1288 daAuts
     D:1: 980 daAuts
     D:4: 640 daAuts
